 Dungeon Crawl Stone Soup version 0.26.1-16-g4e020e15dc (webtiles) character file.

Game seed: 10656257209958968577

27 Chiseanne the Magician (level 2, -1/19 HPs)
             Began as a Demonspawn Hedge Wizard on Apr 12, 2021.
             Killed from afar by Natasha (5 damage)
             ... with a magic dart
             ... on level 2 of the Dungeon on Sept 29, 2023.
             The game lasted 00:03:42 (1908 turns).

Chiseanne the Magician (Demonspawn Hedge Wizard)    Turns: 1908, Time: 00:03:42

Health: -1/19      AC:  8    Str: 10    XL:     2   Next: 93%
Magic:  3/7        EV: 12    Int: 15    God:
Gold:   74         SH:  0    Dex: 12    Spells: 8/9 levels left

rFire    . . .     SeeInvis .   e - +1 hand axe (freeze)
rCold    . . .     Faith    .   (no shield)
rNeg     . . .     Spirit   .   b - +0 robe
rPois    .         Reflect  .   c - +0 hat
rElec    .         Harm     .   (no cloak)
rCorr    .         Rampage  .   j - +2 pair of gloves
Will     .....                  p - +0 pair of boots
Stlth    ++........             (no amulet)
HPRegen  0.06/turn              (no ring)
MPRegen  0.10/turn              (no ring)

@: slowed, very slow
A: thin metallic scales 1
a: no special abilities


You were on level 2 of the Dungeon.
You visited 1 branch of the dungeon, and saw 2 of its levels.

You collected 74 gold pieces.

Inventory:

Hand Weapons
 e - a +1 hand axe of freezing (weapon)
 f - a +1 dagger of speed
Missiles
 a - 8 stones
 g - 26 bolts
 n - 22 sling bullets
Armour
 b - a +0 robe (worn)
 c - a +0 hat (worn)
 j - a +2 pair of gloves (worn)
 p - a +0 pair of boots (worn)
Jewellery
 q - an uncursed ring of poison resistance {unknown}
Scrolls
 l - a scroll of identify
 o - a scroll of amnesia
Potions
 d - a potion of mutation
 i - a potion of haste {unknown}
 m - a potion of ambrosia {unknown}
 r - a potion of heal wounds {unknown}


   Skills:
 - Level 1.7 Dodging
 - Level 1.7 Stealth
 * Level 4.0 Spellcasting
 - Level 1.0 Conjurations
 - Level 1.0 Summonings
 - Level 0.8 Translocations


You had 8 spell levels left.
You knew the following spells:

 Your Spells              Type           Power        Failure   Level
a - Magic Dart            Conj           24%          12%         1

Your spell library contained the following spells:

 Spells                   Type           Power        Failure   Level
 Blink                    Tloc           N/A          19%         2
 Call Imp                 Summ           6%           19%         2
 Slow                     Hex            3%           26%         2
 Conjure Flame            Conj/Fire      4%           41%         3
 Mephitic Cloud           Conj/Pois/Air  4%           43%         3


Dungeon Overview and Level Annotations

Branches:
Dungeon (2/15)

Altars:

Annotations:
D:2 Natasha, Terence


Innate Abilities, Weirdness & Mutations

You are partially covered in thin metallic scales. (AC +2)


Message History

The puff of frost misses you. Natasha claws you.
A hobgoblin comes into view.
Natasha casts a spell.
The white imp barely misses you.
Found a scroll of identify.
As you read the scroll of teleportation, it crumbles to dust.
You feel strangely unstable.
The crimson imp shouts, "Get thee hence, thou currish half-faced pignut!"
The crimson imp misses you.
The crimson imp hits you but does no damage.
Your surroundings suddenly seem different.
The hobgoblin shouts!
A hobgoblin comes into view. It is wielding a +0 club.
Natasha casts a spell at you. The magic dart hits you!
* * * LOW HITPOINT WARNING * * *
A rat comes into view.
Natasha casts a spell at you. The magic dart hits you.
You die...

♣♣ .♣ ♣♣.♣
♣.P.♣♣ ♣.P..♣
#...@#
#....######.
#....g.g.r..
#........##.
#........#
#...........
#####.h.....###.
#....55.....#
#.###.......#


You could see Natasha, a crimson imp (summoned), a white imp (summoned) and a
hobgoblin.

Vanquished Creatures
  An ooze (D:1)
  2 dart slugs (D:1)
  4 bats (D:1)
  A goblin (D:1)
  A hobgoblin (D:1)
  3 jackals (D:1)
  A frilled lizard (D:1)
  2 kobolds (D:1)
  3 rats (D:1)
18 creatures vanquished.

Notes
Turn   | Place    | Note
-------+----------+-------------------------------------------
     0 | D:1      | Chiseanne the Demonspawn Hedge Wizard began the quest for
                  | the Orb.
     0 | D:1      | Reached XP level 1. HP: 13/13 MP: 4/4
     0 | D:1      | Chiseanne: Last words : sprry for freaking out so loud
                  | lately! I didnt mean it. I obviously can´t handle the
                  | stress anymore. Im gone and will never return. take care,
                  | have fun
     0 | D:1      | Upgraded the game from 0.26.1-10-gdfb7c7de75 to
                  | 0.26.1-16-g4e020e15dc
   736 | D:1      | Gained mutation: You are partially covered in thin metallic
                  | scales. (AC +2) [demonic ancestry]
   736 | D:1      | Reached XP level 2. HP: 19/19 MP: 2/6
  1210 | D:1      | Reached skill level 4 in Spellcasting
  1806 | D:2      | Noticed Terence
  1891 | D:2      | Noticed Natasha
  1903 | D:2      | Noticed a crimson imp
  1908 | D:2      | Killed from afar by Natasha

Illustrated notes

Levels and vault maps discovered:
D:1:      eino_arrival_druids_welcome, layout_basic, palyth_stone_intersect
D:2:      layout_basic, nicolae_dithmenos_shadow_blocks,
          nicolae_overflow_hidden_temple, hex_tiny, uniq_sigmund,
          uniq_crazy_yiuf_cottage, uniq_natasha, uniq_terence

Skill      XL: |  1  2 |
---------------+-------+-----
Spellcasting   | 4 |  4.0
Dodging        | |  1.7
Stealth        | |  1.7
Conjurations   | |  1.0
Summonings     | |  1.0
Translocations | |  0.8

Action                   || total
-------------------------++-------
Melee: Hand axe          ||    21
 Cast: Magic Dart        ||    44
  Use: Scroll            ||     6
       Potion            ||     1
Armor: Robe              ||    12
Dodge: Dodged            ||    26
